 Dungeon Crawl Stone Soup version 0.25.0-1-g7eea58d2a3 (webtiles) character file.

Game seed: 16137262145183880629

383 diana the Ducker (level 6, -2/44 HPs)
             Began as an Octopode Fighter on June 14, 2020.
             Killed by divine providence
             ... invoked by an orc priest
              (10 damage)
             ... on level 4 of the Dungeon.
             The game lasted 00:04:12 (4160 turns).

diana the Ducker (Octopode Fighter)                 Turns: 4160, Time: 00:04:13

Health: -2/44      AC:  1    Str: 23    XL:     6   Next: 76%
Magic:  6/6        EV: 13    Int: 10    God:
Gold:   152        SH: 10    Dex: 12    Spells: 5/5 levels left

rFire    . . .     SeeInvis .   a - +0 long sword
rCold    . . .     Gourm    .   b - +0 kite shield
rNeg     + . .     Faith    .   (helmet restricted)
rPois    .         Spirit   .   (no amulet)
rElec    .         Reflect  .   k - +6 ring of strength
rCorr    .         Harm     .   p - ring of positive energy
MR       .....                  (no ring)
Stlth    ++........             (no ring)
HPRegen  0.14/turn              (no ring)
MPRegen  0.10/turn              (no ring)
                                (no ring)
                                (no ring)

@: no status effects
A: almost no armour, stealthy swim, amphibious, 8 rings, constrict 8, camouflage
1, gelatinous body 1
a: no special abilities


You were on level 4 of the Dungeon.
You were very hungry.

You visited 1 branch of the dungeon, and saw 4 of its levels.

You collected 152 gold pieces.

Inventory:

Hand Weapons
 a - a +0 long sword (weapon)
Armour
 b - a +0 kite shield (worn)
Jewellery
 k - a +6 ring of strength (left tentacle)
 p - a ring of positive energy (right tentacle)
Wands
 s - a wand of polymorph (14)
Scrolls
 e - 2 scrolls of identify
 f - a scroll of fear {unknown}
 g - 3 scrolls of enchant armour
 h - 3 scrolls of remove curse
 i - a scroll of enchant weapon {unknown}
 n - a scroll of blinking {unknown}
 r - a scroll of fog {unknown}
Potions
 c - 2 potions of might
 j - a potion of lignification {unknown}
 l - a potion of mutation {unknown}
 m - a potion of flight {unknown}
 o - a potion of ambrosia {unknown}
 q - a potion of curing {unknown}
Comestibles
 d - 5 rations


   Skills:
 + Level 4.4 Fighting
 + Level 3.8 Long Blades
 + Level 4.4 Dodging
 + Level 4.4 Shields


You had 5 spell levels left.
You didn't know any spells.
Your spell library was empty.

Dungeon Overview and Level Annotations

Branches:
Dungeon (4/15)
 Temple: D:4-7

Altars:
Qazlal

Annotations:
D:2 1 runed translucent door, Crazy Yiuf
D:4 Duvessa


Innate Abilities, Weirdness & Mutations

You cannot wear most types of armour.
You are very stealthy in the water. (Stealth+)
You are amphibious.
You can wear up to eight rings at the same time.
You can use your tentacles to constrict eight enemies at once.
Your skin changes colour to match your surroundings (Stealth+).
Your rubbery body absorbs attacks. (AC +1, EV +1)


Message History

You squeeze the orc priest!
The orc priest is almost dead.
You slash the orc priest!
You kill the orc priest!
You block the orc priest's attack.
Your shield prevents you from hitting the orc priest.
You grab the orc priest. You constrict the orc priest.
The orc priest calls down the wrath of Beogh upon you.
Beogh smites you!
The orc hits you with a +2 flail of holy wrath!
* * * LOW HITPOINT WARNING * * *
The orc priest barely misses you.
Sorry, you're not good enough to have a special ability.
Okay, then.
You slash the orc priest!
The orc priest is heavily wounded.
You constrict the orc priest. You block the orc's attack.
The orc priest invokes the aid of Beogh against you.
Beogh smites you!
You die...

..### ##....#...#
....### ##....###.##
<.....####.....# #..#
...#...........# ##.#
#..###....##....###.##
#..###...####...#....#
#...##..## #....!..#.#
#...##..# ##....####.#
##..#..## #.o@## ..#
##.....# #.o## ##
#......# ##...
.......####.....
.#####.......... ##
##.......## #
#........# #
##.#...... #.....>..


You could see an orc priest and an orc.

Vanquished Creatures
  An orc priest (D:4)
  2 orc wizards (D:3)
  An iguana (D:4)
  Natasha (thrice) (D:2)
  Terence (D:2)
  5 adders
  2 oozes (D:3)
  3 worms
  2 dart slugs (D:1)
  2 leopard geckos
  10 orcs
  2 ball pythons (D:1)
  3 giant cockroaches (D:2)
  17 hobgoblins
  7 jackals (D:1)
  7 kobolds
  A quokka (D:2)
  9 bats
  8 frilled lizards
  9 goblins
  A jackal skeleton (D:2)
  7 rats
103 creatures vanquished.

Notes
Turn   | Place    | Note
-------+----------+-------------------------------------------
     0 | D:1      | diana the Octopode Fighter began the quest for the Orb.
     0 | D:1      | Reached XP level 1. HP: 16/16 MP: 1/1
   201 | D:1      | Reached XP level 2. HP: 21/21 MP: 2/2
   391 | D:1      | Reached XP level 3. HP: 9/26 MP: 3/3
  1429 | D:2      | Noticed Terence
  1436 | D:2      | Killed Terence
  1436 | D:2      | Reached XP level 4. HP: 29/31 MP: 4/4
  1724 | D:2      | Found a runed translucent door.
  1725 | D:2      | Noticed Crazy Yiuf
  1754 | D:2      | Noticed Natasha
  1761 | D:2      | Killed Natasha
  1966 | D:2      | Reached XP level 5. HP: 37/37 MP: 5/5
  2626 | D:2      | Noticed Natasha
  2631 | D:2      | Killed Natasha
  2688 | D:2      | Noticed Natasha
  2691 | D:2      | Killed Natasha
  2691 | D:2      | Reached XP level 6. HP: 25/43 MP: 6/6
  3138 | D:3      | Found a stormy altar of Qazlal.
  3712 | D:4      | Noticed Duvessa
  4160 | D:4      | Killed from afar by an orc priest

Illustrated notes

Levels and vault maps discovered:
D:1:      nagdon_arrival_double_spiral, layout_basic, st_stairs_2,
          chequers_big_river
D:2:      layout_basic, first_ration, uniq_crazy_yiuf_cottage, uniq_natasha,
          uniq_terence
D:3:      layout_rooms, grunt_qazlal_clouds, serial_glass, glass_columns_c,
          glass_columns_c
D:4:      layout_layer_cave, minmay_unequal, uniq_grinder, uniq_duvessa

Skill      XL: |  1  2  3  4  5 |
---------------+----------------+-----
Long Blades    | 3 |  3.8
Dodging        | 4 |  4.4
Shields        | 4 |  4.4
Fighting       | 4 |  4.4

Action                   |  1- 3 |  4- 6 || total
-------------------------+-------+-------++-------
Melee: Long sword        |    66 |   115 ||   181
       Constrict         |    24 |    24 ||    48
       Tentacles         |    11 |    30 ||    41
  Use: Scroll            |       |     3 ||     3
 Stab: Sleeping          |     5 |     5 ||    10
  Eat: Chunk             |     2 |     7 ||     9
Armor: Skin              |     8 |    12 ||    20
Dodge: Dodged            |    30 |    54 ||    84
Block: Kite shield       |    33 |    44 ||    77
       Rpst.: Long sword |     9 |    18 ||    27
